 Dungeon Crawl Stone Soup version 0.32-a0-747-gc8563f6773 (webtiles) character file.

Game seed: 8840035559184801852

145 Alarak the Magician (level 5, -2/28 HPs)
             Began as a Deep Elf Earth Elementalist on Mar 18, 2024.
             Slain by a sleepcap (15 damage)
             ... on level 4 of the Dungeon.
             The game lasted 00:05:29 (3135 turns).

Alarak the Magician (Deep Elf Earth Elementalist)   Turns: 3135, Time: 00:05:29

Health: -2/28      AC:  2    Str:  5    XL:     5   Next: 6%
Magic:  12/14      EV:  2    Int: 22    God:
Gold:   157        SH:  0    Dex: 15    Spells: 13/14 levels left

rFire   . . .        f - +0 whip (freeze)
rCold   . . .        (no shield)
rNeg    . . .        a - +0 robe
rPois   .            (no helmet)
rElec   .            l - scarf {harm}
rCorr   .            (no gloves)
SInv    .            (no boots)
Will    .....        (no amulet)
Stlth   ++           (no ring)
HPRegen 0.24/turn    (no ring)
MPRegen 0.14/turn

%: harm (+30% outgoing, +20% incoming)
@: sleeping
A: no striking features
a: no special abilities


You were on level 4 of the Dungeon.
You visited 1 branch of the dungeon, and saw 4 of its levels.

You collected 157 gold pieces.

Inventory:

Hand Weapons
 f - a +0 whip of freezing (weapon)
 j - a +0 dagger
Armour
 a - a +0 robe (worn)
 k - a +2 kite shield
 l - a scarf of harm (worn)
 v - an orb of wrath
Wands
 m - a wand of charming (10)
Scrolls
 h - 3 scrolls of teleportation
 i - a scroll of enchant weapon
 n - a scroll of amnesia {unknown}
 p - a scroll of enchant armour {unknown}
 q - a scroll of identify
 r - a scroll of immolation {unknown}
 s - a scroll of torment {unknown}
Potions
 b - a potion of magic
 c - 2 potions of attraction
 d - a potion of lignification
 e - a potion of heal wounds
 g - a potion of curing
 o - a potion of haste {unknown}
 t - a potion of mutation {unknown}
 u - a potion of cancellation {unknown}


   Skills:
 - Level 2.4 Dodging
 - Level 2.4 Stealth
 + Level 5.3 Spellcasting
 - Level 1.1 Conjurations
 - Level 5.1 Earth Magic


You had 13 spell levels left.
You knew the following spells:

 Your Spells              Type           Power      Damage    Failure   Level
a - Sandblast             Erth           56%        2d13      1%          1

Your spell library contained the following spells:

 Spells                   Type           Power      Damage    Failure   Level
 Passwall                 Erth           28%        N/A       3%          3
 Sting                    Conj/Alch      32%        1d5       8%          1
 Stone Arrow              Conj/Erth      38%        3d9       9%          3
 Mercury Vapours          Alch/Air       10%        N/A       14%         2
 Brom's Barrelling Bould  Conj/Erth      19%        2d4       26%         4
 Petrify                  Alch/Erth      17%        N/A       32%         4
 Olgreb's Toxic Radiance  Alch           5%         N/A       67%         4


Dungeon Overview and Level Annotations

Branches:
Dungeon (4/15)
 Temple: D:4-7

Altars:
Kikubaaqudgha
Xom

Shops:
D:2 (   D:4 [


Message History

A giant cockroach is nearby!
A giant cockroach is nearby!
A giant cockroach is nearby!
No target in view!
You can't see any susceptible monsters within range! (Use Z to cast anyway.) No target in view!
You now have 144 gold pieces (gained 4).
You now have 157 gold pieces (gained 13).
h - 3 scrolls of teleportation (gained 1)
You see here a jackal corpse.
Found a leather armour.
You can't see any susceptible monsters within range! (Use Z to cast anyway.)
u - a fuming emerald potion You can't see any susceptible monsters within range! (Use Z to cast anyway.)
A bombardier beetle comes into view.
Found a glowing orb and a scroll labelled CAGGU MOTONYAS.
A bombardier beetle is nearby!
A bombardier beetle is nearby!
A sleepcap comes into view.
Found 8 stones.
Unknown command.
Found a stone staircase leading up.
You see here an orb of wrath.
v - an orb of wrath The blast of sand hits the sleepcap.
The sleepcap is lightly damaged.
A hobgoblin comes into view.
The blast of sand hits the sleepcap!
The sleepcap is severely damaged.
The hobgoblin shouts!
The sleepcap releases spores at you. x2
The blast of sand hits the sleepcap.
The sleepcap is severely damaged.
The sleepcap releases spores at you.
You are engulfed in a cloud of soporific spores!
You fall asleep.
The sleepcap releases spores at you but does no damage.
The sleepcap releases spores at you!
Ouch! That really hurt!
You die...

.............##.......
..........##.. ##......
. ........##..###.......
.. .. ....?##.##........
.#. #....#.....#.....
... #...#.#..###....
##.# #....#####.....
#.##...###....###.......
.....(.@fg.#.........#..
.......##....?.#.....###
......# ##...##.....##
...... #...##...#..#
..... .....###.##..#
..... ......# ...#....
.<.# #.f....###......##
#.. ......... #......#
.......... #..B


You could see a sleepcap and a hobgoblin.

Vanquished Creatures
  A gnoll (D:2)
  4 adders
  4 dart slugs
  4 ribbon worms
  5 orcs (D:3)
  7 ball pythons
  6 endoplasms
  6 giant cockroaches
  9 goblins
  7 hobgoblins
  3 jackals (D:4)
  5 bats (D:2)
  2 frilled lizards
  3 frilled lizard zombies (D:3)
  5 kobolds
  5 rats
76 creatures vanquished.

Notes
Turn   | Place    | Note
-------+----------+-------------------------------------------
     0 | D:1      | Alarak the Deep Elf Earth Elementalist began the quest for
                  | the Orb.
     0 | D:1      | Reached XP level 1. HP: 10/10 MP: 6/6
   366 | D:1      | Reached XP level 2. HP: 15/15 MP: 4/8
  1073 | D:2      | Reached XP level 3. HP: 19/19 MP: 5/9
  1147 | D:2      | Reached skill level 5 in Earth Magic
  1585 | D:2      | Reached XP level 4. HP: 24/24 MP: 6/11
  1873 | D:2      | Found Quotuas's Antique Weapon Shoppe.
  2403 | D:3      | Found an ancient bone altar of Kikubaaqudgha.
  2527 | D:3      | Reached skill level 5 in Spellcasting
  2594 | D:3      | Found a shimmering altar of Xom.
  2878 | D:3      | Found a faded altar of an unknown god.
  3020 | D:4      | Found Gyedirag's Antique Armour Emporium.
  3025 | D:4      | Reached XP level 5. HP: 28/28 MP: 12/14
  3135 | D:4      | Slain by a sleepcap

Illustrated notes

Levels and vault maps discovered:
D:1:      mainiacjoe_arrival_oval_in_oval, layout_basic
D:2:      layout_loops_ring, serial_shops, nicolae_shop_window_shopping,
          st_stairs_4, minmay_misc_feat_tiny, minmay_bisected
D:3:      layout_basic, lemuel_zombie_altar_kikubaaqudgha,
          overflow_temple_1_default, ebering_ecumenical_altar_abandoned
D:4:      layout_cave_pools, serial_shops,
          nicolae_shop_competitors_out_of_business, shop_statue

Skill      XL: |  1  2  3  4 |
---------------+-------------+-----
Earth Magic    | 4 5 |  5.1
Spellcasting   | 5 |  5.3
Dodging        | |  2.4
Stealth        | |  2.4
Conjurations   | |  1.1

Action                     |  1- 3 |  4- 6 || total
---------------------------+-------+-------++-------
  Melee: Dagger            |     1 |       ||     1
         Unarmed           |     1 |       ||     1
   Cast: Sandblast         |    57 |    42 ||    99
    Use: Scroll            |       |     8 ||     8
   Stab: Sleeping          |     1 |       ||     1
 Armour: Robe              |     5 |    11 ||    16
  Dodge: Dodged            |     5 |     4 ||     9

Table legend: (Time is in decaauts)
 A = Elapsed time spent in this place.
 B = Non-inter-level travel time spent in this place.
 C = Inter-level travel time spent in this place.
 D = Time resting spent in this place.
 E = Time spent auto-exploring this place.
 F = Levels seen in this place.
 G = Mean time per level.
                   A        B        C        D        E       F      G
               +--------+--------+--------+--------+--------+-----+--------+
         Total |   3182 |   3052 |    130 |    192 |   2485 |   4 |  795.5 |
       Dungeon |   3182 |   3052 |    130 |    192 |   2485 |   4 |  795.5 |
               +--------+--------+--------+--------+--------+-----+--------+

Top non-repeatable levels by time:
     D:1: 1071 daAuts
     D:2: 1052 daAuts
     D:3: 939 daAuts
     D:4: 119 daAuts
